 Dungeon Crawl Stone Soup version 0.27-a0-681-g0c81a3c1c3 (webtiles) character file.

Game seed: 2783163937993873229

15 Goblin1989 the Sneak (level 2, -1/24 HPs)
             Began as a Demonspawn Delver on Mar 19, 2021.
             Slain by a kobold
             ... wielding a +0 dagger
              (2 damage)
             ... on level 7 of the Dungeon.
             The game lasted 00:03:25 (171 turns).

Goblin1989 the Sneak (Demonspawn Delver)             Turns: 171, Time: 00:03:25

Health: -1/24      AC:  3    Str: 12    XL:     2   Next: 34%
Magic:  2/2        EV: 11    Int: 11    God:
Gold:   0          SH:  4    Dex: 14    Spells: 1/1 levels left

rFire    . . .     SeeInvis .   a - +0 short sword
rCold    . . .     Faith    .   (no shield)
rNeg     . . .     Spirit   .   b - +0 leather armour
rPois    .         Reflect  .   (no helmet)
rElec    .         Harm     .   (no cloak)
rCorr    .         Rampage  .   (no gloves)
Will     .....                  (no boots)
Stlth    +++.......             (no amulet)
HPRegen  0.08/turn              (no ring)
MPRegen  0.08/turn              (no ring)

@: no status effects
A: large bone plates 1
a: no special abilities


You were on level 7 of the Dungeon.
You visited 1 branch of the dungeon, and saw 3 of its levels.

Inventory:

Hand Weapons
 a - a +0 short sword (weapon)
Armour
 b - a +0 leather armour (worn)
Wands
 g - a wand of digging (3) {@v1}
 N - a wand of mindburst (6)
Scrolls
 c - a scroll of fog
 M - a scroll of magic mapping
Potions
 f - a potion of haste {@q3,}


   Skills:
 - Level 3.0 Fighting
 * Level 2.4 Short Blades
 - Level 1.7 Dodging
 + Level 4.7 Stealth


You had one spell level left.
You didn't know any spells.
Your spell library was empty.

Dungeon Overview and Level Annotations

Branches:
Dungeon (5/15)
 Temple: D:4-7

Altars:


Innate Abilities, Weirdness & Mutations

You are partially covered in large bone plates. (SH +4)


Message History

Your Short Blades skill increases to level 2!
You have reached level 2!
Your demonic ancestry asserts itself...
Large bone plates grow over parts of your arms.
Health restored: 24; MP restored: 2 Unknown command.
A giant cockroach comes into view.
The helpless giant cockroach fails to defend itself.
You puncture the giant cockroach!
You kill the giant cockroach!
Unknown command.
Unknown command.
You see here a giant cockroach corpse.
A phantom comes into view.
Press: ? - help, v - describe, . - travel
Here: a phantom The floor.
The phantom closely misses you. The phantom closely misses you.
An ufetubus comes into view.
The ufetubus moves out of view.
Found a scroll of magic mapping.
Found a stone staircase leading up.
A giant cockroach comes into view.
The giant cockroach bites you.
You take 2 damage, and have 22/24 hp.
The giant cockroach bites you but does no damage.
There is a stone staircase leading up here.
You block the giant cockroach's attack.
You climb upwards.
There is a stone staircase leading down here.
You hit the giant cockroach.
The giant cockroach is almost dead.
The giant cockroach bites you but does no damage.
You hit the giant cockroach but do no damage.
The giant cockroach is almost dead.
The giant cockroach bites you. The giant cockroach misses you.
You take 1 damage, and have 21/24 hp.
You hit the giant cockroach.
You kill the giant cockroach!
You start resting.
An orc comes into view.
You regained 2 hp, and now have 23/24 hp.
You see here a giant cockroach corpse.
The orc shouts!
Found a leather armour.
You hit the orc.
The orc is severely wounded.
The orc hits you but does no damage.
You hit the orc.
You kill the orc!
You see here a +0 ring mail.
Health restored: 24 You fall into a shaft and drop 3 floors!
The shaft crumbles and collapses.
Found a stone staircase leading down. 3 kobolds, a kobold brigand and a white imp come into view.
The kobold brigand is quivering curare-tipped darts. 2 kobolds come into view.
The kobold shouts! x2
A kobold comes into view.
It is wielding a +0 dagger and quivering poisoned darts.
The kobold shouts! x3
The white imp shouts, "Get thee gone, thou erky swag-bellied deadneck!"
The kobold throws a stone.
The stone hits you.
You take 3 damage, and have 21/24 hp.
The kobold throws a stone.
The stone hits you.
You take 3 damage, and have 18/24 hp.
The white imp gestures at you. The puff of frost hits you!
You take 7 damage, and have 11/24 hp.
MASSIVE DAMAGE!!
The white imp gestures at you. You block the puff of frost.
You open the door. The white imp gestures at you. The puff of frost hits you!
* * * LOW HITPOINT WARNING * * *
Found a long gold wand.
You take 10 damage, and have 1/24 hp.
MASSIVE DAMAGE!!
The white imp gestures at you. The puff of frost misses you.
There is an open door here.
You see here a wand of mindburst (7).
N - a wand of mindburst (7)
Aiming: Mindburst
Press: ? - help, Shift-Dir - straight line, f - kobold
Aim: a kobold, wielding a +0 dagger (chance to affect: 80%)
Okay, then.
Unknown command.
Aiming: Mindburst
Press: ? - help, Shift-Dir - straight line, f - kobold
Aim: a kobold, wielding a +0 dagger (chance to affect: 80%)
The kobold's mind is blasted!
You blow up the kobold!
As you read the scroll of fear, it crumbles to dust.
You assume a fearsome visage.
The white imp is unaffected.
The kobold looks frightened! x3
You hit the kobold brigand but do no damage.
The white imp closely misses you. The kobold hits you with a +0 dagger.
You die...

........████████
........█
████...K█ █....█
█...K█ █....█
████K..K█
██.K█K...█
█...@....█
█..5█....█
█████....█


██████ You could see a kobold brigand, a white imp and 5 kobolds.

Vanquished Creatures
  An adder (D:5)
  An orc (D:4)
  2 giant cockroaches
  A kobold (D:7)
  A quokka skeleton (D:5)
6 creatures vanquished.

Notes
Turn   | Place    | Note
-------+----------+-------------------------------------------
     0 | D:5      | Goblin1989 the Demonspawn Delver began the quest for the
                  | Orb.
     0 | D:5      | Reached XP level 1. HP: 18/18 MP: 1/1
    18 | D:5      | Noticed an ogre
    50 | D:5      | Gained mutation: You are partially covered in large bone
                  | plates. (SH +4) [demonic ancestry]
    50 | D:5      | Reached XP level 2. HP: 24/24 MP: 2/2
    93 | D:5      | Noticed a phantom
   151 | D:4      | You fall into a shaft and drop 3 floors!
   152 | D:7      | Noticed a kobold brigand
   162 | D:7      | HP: 1/24 [white imp/puff of frost (11)]
   171 | D:7      | Slain by a kobold

Illustrated notes

Levels and vault maps discovered:
D:4:      layout_loops_ring, kennysheep_slug_shrine, uniq_pikel, uniq_sigmund
D:5:      layout_cave_pods, uniq_ijyb
D:7:      layout_gridville, nemelex_spade_bored_becter, uniq_harold,
          uniq_crazy_yiuf_cottage

Skill      XL: |  1 |
---------------+----+-----
Short Blades   | 2 |  2.4
Fighting       | |  3.0
Dodging        | |  1.7
Stealth        | |  4.7

Action                   || total
-------------------------++-------
Melee: Short sword       ||    12
Evoke: Wand              ||     1
  Use: Scroll            ||     1
 Stab: Sleeping          ||     1
Armor: Leather armour    ||     3
Dodge: Dodged            ||     7
Block: Other             ||     2

Table legend: (Time is in decaauts)
 A = Elapsed time spent in this place.
 B = Non-inter-level travel time spent in this place.
 C = Inter-level travel time spent in this place.
 D = Time resting spent in this place.
 E = Time spent auto-exploring this place.
 F = Levels seen in this place.
 G = Mean time per level.
                   A        B        C        D        E       F      G
               +--------+--------+--------+--------+--------+-----+--------+
         Total |    170 |    170 |      0 |     19 |      0 |   3 |   56.7 |
       Dungeon |    170 |    170 |      0 |     19 |      0 |   3 |   56.7 |
               +--------+--------+--------+--------+--------+-----+--------+

Top non-repeatable levels by time:
     D:5: 120 daAuts
     D:4: 30 daAuts
     D:7: 19 daAuts
